 Dungeon Sprint DCSS version 0.32-a0-814-g0968bab981 (webtiles) character file.

Game seed: 1476834779218267234

688 BigDaddyOpFi the Coglin Cataclysm (level 7, -18/91 HPs)
             Began as a Coglin Monk on Mar 22, 2024.
             Was a High Priest of Qazlal.
             Demolished by a tyrant leech (29 damage)
             ... in the Dungeon (Sprint VII: "The Pits").
             The game lasted 00:01:43 (665 turns).

BigDaddyOpFi the Coglin Cataclysm (Coglin Monk)      Turns: 665, Time: 00:01:44

Health: -18/91     AC: 11    Str: 14    XL:     7   Next: 62%
Magic:  13/13      EV:  8    Int:  9    God:    Qazlal [*****.]
Gold:   0          SH:  7    Dex: 16    Spells: 6/6 levels left

rFire   . . .        q - +0 hand axe (heavy) {Yongsun}
rCold   . . .        k - +2 hand axe {Zolin}
rNeg    . . .        p - +3 chain mail
rPois   .            (no helmet)
rElec   .            (no cloak)
rCorr   .            (no gloves)
SInv    .            (no boots)
Will    .....        (amulet unavailable) Stlth
                     (ring unavailable)
HPRegen 0.35/turn    (ring unavailable)
MPRegen 0.13/turn    (no gizmo)

%: no teleportation, repel missiles
@: berserking, hasted, revved, very quick
A: off-hand wielding, slow wielding, warmup strikes, no jewellery
a: Invent Gizmo, Renounce Religion, Upheaval, Elemental Force, Disaster Area


You were in the Dungeon.
You worshipped Qazlal.
Qazlal was extremely pleased with you.
You visited 1 branch

Inventory:

Hand Weapons
 k - a +2 hand axe (offhand) {Zolin}
 q - a +0 heavy hand axe (weapon) {Yongsun}
Armour
 b - a +0 robe
 d - an orb of light
 p - a +3 chain mail (worn)
Scrolls
 j - a scroll of blinking
 m - 2 scrolls of vulnerability
 n - 5 scrolls of amnesia
 o - a scroll of summoning
Potions
 c - a potion of ambrosia
 e - 5 potions of curing
 f - a potion of heal wounds
 h - 4 potions of magic
 i - a potion of berserk rage
 l - 2 potions of invisibility


   Skills:
 + Level 7.8 Fighting
 + Level 7.8 Axes
 + Level 7.1 Dodging
 * Level 8.5 Invocations


You had 6 spell levels left.
You didn't know any spells.
Your spell library was empty.

Dungeon Overview and Level Annotations

Branches:
Dungeon (1/1)

Altars:
Ashenzari
Cheibriados
Dithmenos
Elyvilon
Fedhas
Gozag
Hepliaklqana
Kikubaaqudgha
Makhleb
Nemelex Xobeh
Okawaru
Qazlal
Ru
Sif Muna
Trog
Uskayaw
Vehumet
Wu Jian
Xom
Yredelemnul
Zin
The Shining One
Beogh
Jiyva
Lugonu


Innate Abilities, Weirdness & Mutations

You can wield a second weapon in your off-hand.
It takes a long time for you to wield or remove held weapons.
Your first few attacks do less damage.
You cannot equip rings or amulets.


Message History

The tyrant leech bites you!
The tyrant leech draws strength from your injuries!
You miss the tyrant leech with your +0 heavy hand axe.
The tyrant leech is heavily wounded.
You closely miss the tyrant leech with your +2 hand axe.
You closely miss the tyrant leech with your +0 heavy hand axe.
The tyrant leech is heavily wounded.
You barely miss the tyrant leech with your +2 hand axe.
The tyrant leech closely misses you.
You closely miss the tyrant leech with your +2 hand axe.
The tyrant leech is moderately wounded.
You hit the tyrant leech with your +0 heavy hand axe.
You recover from your berserk rage.
The tyrant leech bites you!
The tyrant leech draws strength from your injuries!
You feel better.
You closely miss the tyrant leech with your +0 heavy hand axe.
The tyrant leech is moderately wounded.
You hit the tyrant leech with your +2 hand axe.
You block the tyrant leech's attack.
You closely miss the tyrant leech with your +0 heavy hand axe.
The tyrant leech is moderately wounded.
You hit the tyrant leech with your +2 hand axe.
The tyrant leech bites you!!
* * * LOW HITPOINT WARNING * * *
The tyrant leech draws strength from your injuries!
You slice the tyrant leech with your +0 heavy hand axe!!
The tyrant leech is moderately wounded.
You closely miss the tyrant leech with your +2 hand axe.
You feel much better. The tyrant leech bites you!!
* * * LOW HITPOINT WARNING * * *
The tyrant leech draws strength from your injuries!
A red film seems to cover your vision as you go berserk!
You feel yourself moving faster!
You feel mighty!
You are too berserk!
You hit the tyrant leech with your +0 heavy hand axe.
The tyrant leech is lightly wounded.
You hit the tyrant leech with your +2 hand axe.
The tyrant leech bites you!!
You die...

#.#...)))..##.......#
#)###########.......#
#)).....# #########
#.†.....# #...#...#
#..###..#+#
#...#...#.+
#.).....#w#
#.......)@#
###########


You could see a tyrant leech.

Vanquished Creatures
  A glass eye (D)
  Blork the orc (D)
  2 scorpions (D)
  5 wights (D)
  A jelly (D)
  An adder (D)
  A ball python (D)
  An endoplasm (D)
  3 giant cockroaches (D)
  A goblin (D)
  2 hobgoblins (D)
  2 kobolds (D)
21 creatures vanquished.

Notes
Turn   | Place    | Note
-------+----------+-------------------------------------------
     0 | D        | BigDaddyOpFi the Coglin Monk began the quest for the Orb.
     0 | D        | Reached XP level 1. HP: 18/18 MP: 1/1
     8 | D        | Noticed a glass eye
    48 | D        | Killed a glass eye
    49 | D        | Reached skill level 5 in Fighting
    49 | D        | Reached skill level 5 in Axes
    49 | D        | Reached skill level 5 in Dodging
    49 | D        | Reached skill level 5 in Invocations
    49 | D        | Reached XP level 2. HP: 28/28 MP: 1/5
    49 | D        | Reached XP level 3. HP: 34/34 MP: 1/7
    49 | D        | Reached XP level 4. HP: 40/40 MP: 1/8
    49 | D        | Reached XP level 5. HP: 46/46 MP: 1/9
    88 | D        | Found a bloodstained altar of Trog.
    88 | D        | Found a shimmering blue altar of Sif Muna.
    88 | D        | Found a viscous altar of Jiyva.
    88 | D        | Found a hazy altar of Hepliaklqana.
    88 | D        | Found an opulent altar of Gozag.
    89 | D        | Found a glowing golden altar of the Shining One.
    89 | D        | Found a glowing silver altar of Zin.
    89 | D        | Found a basalt altar of Yredelemnul.
    89 | D        | Found a shimmering altar of Xom.
    89 | D        | Found an ornate altar of the Wu Jian Council.
    89 | D        | Found a sacrificial altar of Ru.
    89 | D        | Found a stormy altar of Qazlal.
    89 | D        | Found an iron altar of Okawaru.
    89 | D        | Found a sparkling altar of Nemelex Xobeh.
    89 | D        | Found a burning altar of Makhleb.
    89 | D        | Found a blossoming altar of Fedhas.
    89 | D        | Found a white marble altar of Elyvilon.
    89 | D        | Found a shadowy altar of Dithmenos.
    89 | D        | Found a snail-covered altar of Cheibriados.
    91 | D        | Found a corrupted altar of Lugonu.
    91 | D        | Found a radiant altar of Vehumet.
    91 | D        | Found a roughly hewn altar of Beogh.
    92 | D        | Found an ancient bone altar of Kikubaaqudgha.
    92 | D        | Found a hide-covered altar of Uskayaw.
    92 | D        | Found a broken altar of Ashenzari.
    95 | D        | Became a worshipper of Qazlal Stormbringer
    95 | D        | Reached * piety under Qazlal
    95 | D        | Reached ** piety under Qazlal
   145 | D        | Reached skill level 6 in Invocations
   145 | D        | Reached XP level 6. HP: 30/52 MP: 10/10
   148 | D        | Reached *** piety under Qazlal
   506 | D        | Reached **** piety under Qazlal
   601 | D        | Reached skill level 7 in Invocations
   607 | D        | Reached XP level 7. HP: 60/60 MP: 10/12
   607 | D        | Reached ***** piety under Qazlal
   611 | D        | Reached skill level 8 in Invocations
   614 | D        | Noticed Blork the orc
   620 | D        | Killed Blork the orc
   647 | D        | Noticed a tyrant leech
   665 | D        | Demolished by a tyrant leech

Illustrated notes

Levels and vault maps discovered:
D:        pitsprint [storerooms_1, entrance_room_1, metal_vault_2, armoury_1,
          mini_pit_1, grid_room_1, main_hall_1, silver_pit, the_coven_3,
          the_vestibule_1, steel_vault_3, golden_pit, hallway_of_sentries,
          crystal_vault_2, iron_vault_2, final_vault]

Skill      XL: |  1  2  3  4  5  6  7 |
---------------+----------------------+-----
Fighting       | 5 6 7 |  7.8
Axes           | 5 6 7 |  7.8
Dodging        | 5 6 7 |  7.1
Invocations    | 5 6 7 8 |  8.5

Action                     |  1- 3 |  4- 6 |  7- 9 || total
---------------------------+-------+-------+-------++-------
  Melee: Hand axe          |    39 |    52 |    40 ||   131
    Use: Potion            |       |     3 |     6 ||     9
 Armour: Robe              |       |    10 |       ||    10
         Chain mail        |       |    17 |    14 ||    31
  Dodge: Dodged            |       |    23 |     2 ||    25
  Block: Other             |       |     4 |     3 ||     7

Table legend: (Time is in decaauts)
 A = Elapsed time spent in this place.
 B = Non-inter-level travel time spent in this place.
 C = Inter-level travel time spent in this place.
 D = Time resting spent in this place.
 E = Time spent auto-exploring this place.
 F = Levels seen in this place.
 G = Mean time per level.
                   A        B        C        D        E       F      G
               +--------+--------+--------+--------+--------+-----+--------+
         Total |    680 |    667 |     13 |    402 |      0 |   1 |  680.0 |
       Dungeon |    680 |    667 |     13 |    402 |      0 |   1 |  680.0 |
               +--------+--------+--------+--------+--------+-----+--------+

Top non-repeatable levels by time:
       D: 680 daAuts
